 Dungeon Crawl Stone Soup version 0.30.0-29-ga12c61a403 (webtiles) character file.

Game seed: 2612957742909295865

44 cdecastro the Trooper (level 3, -2/33 HPs)
             Began as an Armataur Berserker on June 22, 2023.
             Was a Believer of Trog.
             Slain by an orc
             ... wielding a +0 whip
              (6 damage)
             ... on level 3 of the Dungeon on June 23, 2023.
             The game lasted 00:02:55 (1977 turns).

cdecastro the Trooper (Armataur Berserker)          Turns: 1977, Time: 00:02:56

Health: -2/33      AC:  4    Str: 22    XL:     3   Next: 39%
Magic:  3/3        EV:  9    Int:  7    God:    Trog [**....]
Gold:   110        SH:  0    Dex: 11    Spells: 2/2 levels left

rFire   . . .        a - +0 falchion
rCold   . . .        (no shield)
rNeg    . . .        b - +0 animal skin
rPois   .            (no helmet)
rElec   .            (no cloak)
rCorr   .            (no gloves)
SInv    .            (no barding)
Will    .....        (no amulet)
Stlth   +            (no ring)
HPRegen 0.25/turn    (no ring)
MPRegen 0.08/turn

%: roll
@: confused
A: large, rugged brown scales 3, deformed body, armoured tail, roll, long
tongue, awkward tongue
a: Renounce Religion, Berserk, Trog's Hand


You were on level 3 of the Dungeon.
You worshipped Trog.
Trog was pleased with you.
You visited 1 branch of the dungeon, and saw 3 of its levels.

You collected 110 gold pieces.

Inventory:

Hand Weapons
 a - a +0 falchion (weapon)
Missiles
 o - a throwing net (quivered)
Armour
 b - a +0 animal skin (worn)
Jewellery
 m - a ring of fire
 q - an amulet of guardian spirit
Wands
 s - a wand of iceblast (13)
Scrolls
 f - 2 scrolls of immolation {unknown}
 j - 3 scrolls of identify {unknown}
 k - a scroll of fog {unknown}
 l - a scroll of vulnerability {unknown}
 n - a scroll of poison {unknown}
 p - a scroll of magic mapping {unknown}
 r - a scroll of teleportation {unknown}
Potions
 c - a potion of brilliance {unknown}
 d - 4 potions of heal wounds {unknown}
 e - 2 potions of curing {unknown}
 g - a potion of cancellation {unknown}
 h - a potion of might {unknown}
 i - a potion of mutation {unknown}


   Skills:
 + Level 3.4 Fighting
 + Level 3.4 Long Blades
 - Level 2.4 Armour
 - Level 1.3 Dodging


You had 2 spell levels left.
You didn't know any spells.
Your spell library was empty.

Dungeon Overview and Level Annotations

Branches:
Dungeon (3/15)

Altars:

Shops:
D:1 ?


Innate Abilities, Weirdness & Mutations

You are completely covered in rugged brown scales. (AC +3, +7% HP)
Armour fits poorly on your strangely shaped body.
You have a long armoured tail.
You roll when moving toward enemies. (Rampage)
Your long tongue fully drains potion bottles. (2x potion effects)
Your tongue gives you trouble enunciating. (1.5x scroll delay)


Message History

Trog accepts your kill. The orc hits you with a +0 whip.
The orc closely misses you. x3
The orc wizard closely misses you.
You closely miss the orc wizard.
The orc wizard hits you but does no damage.
The orc hits you with a +0 dagger. The orc hits you with a +0 whip.
* * * LOW HITPOINT WARNING * * *
You closely miss the orc wizard.
The orc wizard points at you and mumbles some strange words.
You are confused.
The orc hits you but does no damage. The orc barely misses you.
You're too confused to move!
The orc wizard hits you but does no damage.
The orc hits you with a +0 dagger.
* * * LOW HITPOINT WARNING * * *
The orc hits you with a +0 whip.
* * * LOW HITPOINT WARNING * * *
Unknown command.
You closely miss the orc wizard.
The orc wizard hits you but does no damage.
The orc hits you but does no damage. The orc barely misses you.
Unknown command.
You hit the orc wizard.
The orc wizard is moderately wounded.
The orc wizard closely misses you. The orc hits you with a +0 dagger.
* * * LOW HITPOINT WARNING * * *
The orc hits you with a +0 whip.
* * * LOW HITPOINT WARNING * * *
Unknown command.
You barely miss the orc wizard.
The orc wizard is moderately wounded.
The orc wizard points at you and mumbles some strange words.
You are more confused.
The orc hits you but does no damage. The orc hits you with a +0 whip.
* * * LOW HITPOINT WARNING * * *
Unknown command.
You barely miss the orc wizard.
The orc wizard is moderately wounded.
The orc hits you with a +0 whip.
You die...

#....## #........
+.##..###........
+..#.............
+....####........
#.......!...[....
#................
#.......$........
#............#####
..........o@.......
..........oo.......
...............
...............
.............).
...............
#####.#........
#..........


You could see an orc wizard and 2 orcs.

Vanquished Creatures
  2 worms
  A dart slug (D:3)
  3 bats
  3 endoplasms
  3 hobgoblins
  8 ball pythons
  4 frilled lizards
  4 goblins
  4 kobolds
  2 rats (D:1)
34 creatures vanquished.

Notes
Turn   | Place    | Note
-------+----------+-------------------------------------------
     0 | D:1      | cdecastro the Armataur Berserker began the quest for the
                  | Orb.
     0 | D:1      | Reached XP level 1. HP: 19/19 MP: 1/1
   216 | D:1      | Reached XP level 2. HP: 21/27 MP: 2/2
   652 | D:1      | Found Ecoaref's Magic Scroll Emporium.
   995 | D:2      | Reached ** piety under Trog
  1137 | D:2      | Reached XP level 3. HP: 31/33 MP: 3/3
  1977 | D:3      | Slain by an orc

Illustrated notes

Levels and vault maps discovered:
D:1:      nicolae_arrival_washed_ashore, layout_loops_ring, serial_shops,
          nicolae_diamond_shop
D:2:      layout_basic
D:3:      cheibrodos_fertilizer, layout_rooms

Skill      XL: |  1 |
---------------+----+-----
Fighting       | 3 |  3.4
Long Blades    | 3 |  3.4
Armour         | |  2.4
Dodging        | |  1.3

Action                     || total
---------------------------++-------
  Melee: Falchion          ||   135
         Tailslap          ||    16
   Stab: Sleeping          ||     1
 Armour: Animal skin       ||    43
  Dodge: Dodged            ||    65
